 Dungeon Crawl Stone Soup version 0.20.1-1-g8b1a95d (webtiles) character file.

183923 dohliylev the Unseen (level 17, -6/115 HPs)
             Began as a Vampire Enchanter on Dec 15, 2017.
             Was the Champion of Makhleb.
             Shot with an arrow by a naga sharpshooter (21 damage)
             ... led by Vashnia
             ... on level 3 of the Snake Pit on Dec 16, 2017.
             The game lasted 05:34:13 (50765 turns).

dohliylev the Unseen (Vampire Enchanter)           Turns: 50765, Time: 05:34:13

Health: -6/115     AC:  6    Str:  7    XL:     17   Next: 76%
Magic:  35/36      EV: 25    Int: 18    God:    Makhleb [******]
Gold:   954        SH:  6    Dex: 21    Spells: 7/46 levels left

rFire    . . .     SeeInvis +   a - +1 dagger (elec)
rCold    . . .     Gourm    .   G - +0 buckler
rNeg     + + .     Faith    .   w - +0 robe of Sif Muna's Pride {rN+ Regen+ Slay+3 Stlth+}
rPois    .         Spirit   .   J - +0 helmet {SInv}
rElec    .         Reflect  .   s - scarf {cloud immunity}
rCorr    .         Harm     .   I - +1 pair of gloves {archery}
MR       +++..                  S - +0 pair of boots
Stlth    +++++++++.             E - amulet of magic regeneration
Regen    1.7/turn               b - ring of Baczef {MR+ Stlth+}
MPRegen  0.4/turn               Z - ring "Ihamudur" {MR+ Stlth+}

@: regenerating (expiring), slowed, studying Ice Magic, very slow
A: fangs 3, see invisible, unbreathing
a: Bat Form, Minor Destruction, Lesser Servant of Makhleb, Major Destruction,
Greater Servant of Makhleb, Renounce Religion


You were on level 3 of the Snake Pit.
You worshipped Makhleb.
Makhleb was exalted by your worship.
You were not thirsty.

You visited 7 branches of the dungeon, and saw 32 of its levels.
You also visited: Ossuary and Ice Cave.

You collected 3834 gold pieces.
You spent 2880 gold pieces at shops.

Inventory:

Hand Weapons
 a - a +1 dagger of electrocution (weapon)
Armour
 s - a scarf of cloud immunity (worn)
 w - the +0 robe of Sif Muna's Pride (worn) {rN+ Regen+ Slay+3 Stlth+}
   (You found it on level 5 of the Dungeon)

   It affects your accuracy and damage with ranged weapons and melee attacks
   (+3).
   It protects you from negative energy.
   It increases your rate of regeneration.
   It makes you more stealthy.
 G - a +0 buckler (worn)
 I - a +1 pair of gloves of archery (worn)
 J - a +0 helmet of see invisible (worn)
 S - a +0 pair of boots (worn)
Jewellery
 b - the ring of Baczef (left hand) {MR+ Stlth+}
   (You found it on level 1 of the Swamp)

   [ring of protection from magic]

   It affects your resistance to hostile enchantments.
   It makes you more stealthy.
 t - an uncursed amulet of regeneration
 E - an amulet of magic regeneration (around neck)
 Q - an uncursed ring of wizardry
 Z - the ring "Ihamudur" (right hand) {MR+ Stlth+}
   (You bought it in a shop on level 1 of the Depths)

   [ring of protection from magic]

   It affects your resistance to hostile enchantments.
   It makes you more stealthy.
Scrolls
 c - 2 scrolls of identify
 g - 6 scrolls of teleportation
 h - 3 scrolls of summoning
 k - 2 scrolls of amnesia
 l - a scroll of enchant armour
 m - 4 scrolls of magic mapping
 v - 2 scrolls of enchant weapon
 B - 3 scrolls of recharging
 D - 3 scrolls of silence
 F - 3 scrolls of brand weapon
 L - 2 scrolls of fog
 M - 2 scrolls of acquirement
 R - 2 scrolls of remove curse
 X - 5 scrolls of fear
Potions
 d - 18 potions of blood
 e - 5 potions of might
 i - a potion of berserk rage {unknown}
 o - a potion of flight
 p - 3 potions of haste {unknown}
 q - 3 potions of magic {unknown}
 r - 5 potions of degeneration {unknown}
 x - 7 potions of curing
 z - 2 potions of ambrosia {unknown}
 A - 4 potions of brilliance {unknown}
 K - 5 potions of lignification {unknown}
 O - a potion of resistance
 T - 2 potions of invisibility {unknown}
Books
 j - a manual of Ice Magic
 N - the Tome of Evil and Translocation
   (You found it on level 6 of the Lair of Beasts)

   Spells                             Type                      Level
   a - Animate Skeleton               Necromancy                   1
   b - Pain                           Necromancy                   1
   c - Bolt of Draining               Conjuration/Necromancy       5
   d - Cigotuvi's Embrace             Necromancy                   5
   e - Controlled Blink               Translocation                8
   f - Disjunction                    Translocation                8
 P - a book of Ice

   Spells                             Type                      Level
   a - Ice Form                       Ice/Transmutation            4
   b - Metabolic Englaciation         Hexes/Ice                    5
   c - Ozocubu's Refrigeration        Ice                          6
   d - Bolt of Cold                   Conjuration/Ice              6
   e - Freezing Cloud                 Conjuration/Ice/Air          6
   f - Simulacrum                     Ice/Necromancy               6
 U - a book of Changes

   Spells                             Type                      Level
   a - Beastly Appendage              Transmutation                1
   b - Sticks to Snakes               Transmutation                2
   c - Spider Form                    Transmutation/Poison         3
   d - Ice Form                       Ice/Transmutation            4
   e - Blade Hands                    Transmutation                5
 Y - a book of Necromancy

   Spells                             Type                      Level
   a - Pain                           Necromancy                   1
   b - Animate Skeleton               Necromancy                   1
   c - Vampiric Draining              Necromancy                   3
   d - Regeneration                   Charms/Necromancy            3
   e - Animate Dead                   Necromancy                   4
   f - Control Undead                 Necromancy                   4
Miscellaneous
 y - a fan of gales
 C - a lightning rod (4/4)
 H - a crystal ball of energy
 V - a box of beasts
 W - a crystal ball of energy


   Skills:
 - Level 5.5 Fighting
 - Level 5.1 Short Blades
 - Level 14.0 Dodging
 - Level 16.2 Stealth
 - Level 4.4 Shields
 - Level 15.0 Spellcasting
 - Level 0.2 Conjurations
 - Level 12.0 Hexes
 - Level 1.3 Summonings
 - Level 0.2 Necromancy
 * Level 9.8 Translocations
 - Level 12.1 Ice Magic
 - Level 12.2 Invocations


You had 7 spell levels left.
You knew the following spells:

 Your Spells              Type           Power        Failure   Level  Hunger
a - Corona                Hex            ######.      1%          1    None
b - Ensorcelled Hibernat  Hex/Ice        ######       1%          2    None
c - Confuse               Hex            ######..     1%          3    None
d - Tukima's Dance        Hex            ######..     1%          3    None
e - Summon Ice Beast      Ice/Summ       #####...     3%          4    None
f - Metabolic Englaciati  Hex/Ice        ######....   1%          5    ####...
g - Throw Icicle          Conj/Ice       #####...     3%          4    None
h - Ozocubu's Armour      Chrm/Ice       #####...     1%          3    None
i - Vampiric Draining     Necr           ##........   13%         3    None
j - Regeneration          Chrm/Necr      ##........   14%         3    None
k - Controlled Blink      Tloc           N/A          99%         8    #######


Dungeon Overview and Level Annotations

Branches:
Dungeon (15/15)            Temple (1/1) D:5            Lair (6/6) D:11
  Swamp (4/4) Lair:4        Snake (3/4) Lair:3        Slime (0/5) Lair:6
    Orc (2/2) D:12            Elf (0/3) Orc:2        Vaults (0/5) D:14
 Depths (1/5) D:15

Altars:
Ashenzari
Dithmenos
Hepliaklqana
Kikubaaqudgha
Makhleb
Nemelex Xobeh
Okawaru
Qazlal
Sif Muna
Trog
Uskayaw
Vehumet
Xom
Beogh

Shops:
D:15 :   Orc:1 ?   Orc:2 (?((   Depths:1 =}}

Annotations:
D:9 exclusion: obsidian statue
Lair:1 exclusion: obsidian statue
Swamp:1 1 transporter
Snake:3 Vashnia


Innate Abilities, Weirdness & Mutations

You have razor-sharp teeth.
You have supernaturally acute eyesight. (SInv)
You can survive without breathing.


Message History

The naga completely misses you. x2
You feel much better.
Your surroundings suddenly seem different.
The naga sharpshooter shoots a bolt.
The bolt hits you!
* * * LOW HITPOINT WARNING * * *
The naga sharpshooter shoots an arrow.
You block the arrow.
The naga sharpshooter shoots a bolt.
The bolt closely misses you.
Found an arrow, a scroll of identify and a robe.
A black mamba and a naga come into view.
You feel better.
The naga sharpshooter shoots an arrow.
You block the arrow.
The naga sharpshooter shoots a bolt.
The bolt hits you!!
* * * LOW HITPOINT WARNING * * *
The naga sharpshooter mumbles some strange words.
The naga sharpshooter magically shoots a bolt.
The bolt hits you.
* * * LOW HITPOINT WARNING * * *
The naga sharpshooter mumbles some strange words.
The naga sharpshooter magically shoots an arrow.
The arrow hits you!!
You die...

.# ... ...N.
.##...
.....N.
.#....
#...S.N.N
......
##..........
......
#..#....N...#
......
#.##...
......
...####....
.##...
?........#
...... #@#
######
#.......#
..[......#
##.......#
#.......#
#.......#
#.......#
#.N...S.#


You could see 3 naga sharpshooters, a shock serpent, a black mamba (sleeping)
and a naga (sleeping).

Vanquished Creatures
  Rupert (Lair:3)
  A fire giant (D:14)
  3 very ugly things (Depths:1)
  A dire elephant (Lair:6)
  A fire dragon (D:12)
  Harold (Lair:4)
  A ghost crab (Swamp:4)
  5 anacondas
  4 vault guards (D:14)
  2 centaur warriors (D:14)
  20 hydras
  9 two-headed ogres
  7 alligators
  A death yak (Lair:5)
  4 naga sharpshooters (Snake:1)
  5 orc high priests (Orc:2)
  A shock serpent (Snake:1)
  The ghost of digijack the Skirmisher, a novice CeBe of Trog (D:8)
  A titan skeleton (Depths:1)
  4 skeletal warriors
  4 sea snakes (Snake:1)
  A spriggan druid (Swamp:3)
  6 unseen horrors
  A flayed ghost (D:9)
  2 shambling mangroves
  6 swamp dragons
  Pikel (D:4)
  3 wizards (D:14)
  11 orc knights
  4 mana vipers
  2 necromancers
  5 cyclopes
  4 deep elf magi
  3 manticores
  13 ugly things
  2 orc sorcerers
  2 oklob plants (D:11)
  5 salamanders
  Maurice (D:12)
  A wolf spider (Lair:6)
  Joseph (D:9)
  5 elephants
  19 black mambas
  7 naga magi
  A fire giant skeleton (Depths:1)
  The ghost of letownia2 the Grave Robber, a novice DDNe (Ossuary)
  A guardian serpent (shapeshifter) (D:15)
  A torpor snail (Lair:6)
  A centaur skeleton (D:12)
  2 kobold demonologists
  25 spiny frogs
  An efreet (D:9)
  A gargoyle (D:10)
  13 komodo dragons
  8 rime drakes
  A freezing wraith (D:14)
  An elf skeleton (Depths:1)
  5 trolls
  A queen bee (Lair:1)
  12 polar bears
  9 tyrant leeches
  8 hornets
  3 raiju (Lair:6)
  6 bog bodies
  16 slime creatures
  19 blink frogs
  14 dream sheep
  18 hippogriffs
  4 shadows
  Sigmund (D:2)
  2 redbacks (Lair:6)
  2 spriggans
  A tarantella (shapeshifter) (D:9)
  3 wraiths
  23 wyverns
  7 fire bats (D:14)
  Eustachio (D:4)
  A fire dragon skeleton (Depths:1)
  41 yaks
  12 basilisks
  13 vampire mosquitoes
  16 humans (D:14)
  2 hungry ghosts
  A steam dragon (D:8)
  A human (shapeshifter) (D:14)
  4 hogs (Swamp:4)
  13 insubstantial wisps
  7 nagas
  9 wargs
  19 swamp worms
  Edmund (D:4)
  21 water moccasins
  2 acid dragons
  A soldier ant (D:13)
  5 porcupines
  12 hell hounds (Lair:6)
  12 black bears
  36 orc warriors
  9 swamp drakes
  3 phantoms
  6 sky beasts
  A spriggan simulacrum (Depths:1)
  11 ice beasts
  An eye of draining (D:13)
  5 necrophages (Swamp:3)
  28 wolves
  10 ogres
  The ghost of Tiamon the Conjurer, an amateur DrCj (D:3)
  6 centaurs
  18 crocodiles
  8 bullfrogs
  2 elf zombies (Ossuary)
  A gnoll sergeant (D:9)
  4 scorpions
  25 killer bees
  16 wights
  5 howler monkeys
  6 electric eels
  A lava snake (Lair:5)
  3 centaur zombies (Ossuary)
  2 human zombies (Ossuary)
  2 bullfrog zombies
  8 crimson imps
  5 hounds
  A quasit (D:7)
  28 orc priests
  Crazy Yiuf (D:3)
  5 jellies
  Jessica (D:2)
  3 bullfrog skeletons
  4 iguanas
  Ijyb (D:4)
  11 orc wizards
  8 worker ants
  A killer bee zombie (D:6)
  A hound zombie (Ossuary)
  3 mummies (Ossuary)
  A worker ant zombie (D:5)
  24 gnolls
  18 adders
  5 shadow imps
  An ooze (D:1)
  4 adder zombies (Ossuary)
  3 worms (D:2)
  The ghost of letownia2 the Grave Robber, a weakling DDNe (D:5)
  2 dart slugs
  3 leopard geckos
  77 orcs
  A ball python (D:2)
  6 bats
  6 giant cockroaches
  2 gnoll zombies (Ossuary)
  10 goblins
  3 hobgoblins
  11 jackals
  8 quokkas
  5 frilled lizards
  5 goblin zombies (Ossuary)
  2 hobgoblin zombies (Ossuary)
  A jackal skeleton (D:9)
  2 jackal zombies (Ossuary)
  15 kobolds
  A kobold zombie (Ossuary)
  A leopard gecko zombie (D:7)
  2 orc zombies (Ossuary)
  A quokka skeleton (D:6)
  5 quokka zombies (Ossuary)
  9 rats
  2 rat zombies (Ossuary)
  3 butterflies
  3 plants
1121 creatures vanquished.

Vanquished Creatures (collateral kills)
  Nikola (Depths:1)
  Frances (Swamp:1)
  A thorn hunter (Swamp:3)
  Kirke (Swamp:4)
  A dire elephant (D:15)
  A hydra (Swamp:4)
  2 naga warriors
  6 death yaks
  A naga sharpshooter (Snake:1)
  4 skeletal warriors
  A spriggan druid (Swamp:4)
  A wizard (D:14)
  An orc knight (Orc:2)
  A mana viper (Snake:1)
  A manticore (D:15)
  2 black mambas
  A guardian serpent (Lair:6)
  A naga mage (Snake:2)
  3 ice statues (IceCv)
  A gargoyle (D:15)
  A tyrant leech (Swamp:2)
  5 hornets
  4 slime creatures
  3 dream sheep (Lair:6)
  A hippogriff (D:9)
  2 spriggans
  A wyvern (Lair:6)
  A hog (Swamp:4)
  3 yaks (Lair:6)
  5 vampire mosquitoes
  3 wargs
  A swamp worm (Swamp:1)
  13 insubstantial wisps
  An acid dragon (D:12)
  2 nagas (Snake:1)
  A swamp drake (Swamp:2)
  6 orc warriors
  6 orc priests (Orc:2)
  An orc wizard (D:12)
  21 orcs
  A fungus (Lair:5)
  A plant (Lair:6)
115 creatures vanquished.

Vanquished Creatures (others)
  A fire giant (Depths:1)
  A spriggan druid (Swamp:1)
  12 dancing weapons
  A shadow (D:11)
  An insubstantial wisp (Swamp:1)
  A sky beast (D:9)
  A leopard gecko (D:4)
  An orc (Orc:2)
  A briar patch (Swamp:3)
  A bush (Lair:5)
  19 fungi
  50 plants
90 creatures vanquished.

Grand Total: 1326 creatures vanquished

Notes
Turn   | Place    | Note
-------+----------+-------------------------------------------
     0 | D:1      | dohliylev the Vampire Enchanter began the quest for the Orb.
     0 | D:1      | Reached XP level 1. HP: 13/13 MP: 3/3
    54 | D:1      | Reached skill level 5 in Stealth
   129 | D:1      | Reached XP level 2. HP: 19/19 MP: 5/5
   133 | D:1      | Learned a level 2 spell: Ensorcelled Hibernation
   360 | D:1      | Reached skill level 6 in Stealth
   516 | D:1      | Reached XP level 3. HP: 24/24 MP: 6/6
  1186 | D:2      | Reached XP level 4. HP: 30/30 MP: 5/7
  1319 | D:2      | Noticed Sigmund
  1327 | D:2      | Killed Sigmund
  1327 | D:2      | Reached XP level 5. HP: 22/35 MP: 1/8
  1562 | D:2      | Noticed Jessica
  1571 | D:2      | Killed Jessica
  1571 | D:2      | Reached XP level 6. HP: 41/41 MP: 4/9
  2736 | D:3      | Noticed Tiamon's ghost (amateur DrCj)
  2746 | D:3      | Learned a level 3 spell: Confuse
  3524 | D:3      | Killed Tiamon's ghost
  3524 | D:3      | Reached skill level 7 in Stealth
  3524 | D:3      | Reached XP level 7. HP: 23/46 MP: 4/10
  4044 | D:3      | Found a runed door.
  4048 | D:3      | Noticed Crazy Yiuf
  4052 | D:3      | Killed Crazy Yiuf
  4240 | D:3      | Reached skill level 8 in Stealth
  4422 | D:4      | Noticed Edmund
  4423 | D:4      | Noticed Eustachio
  4431 | D:4      | Killed Edmund
  4505 | D:4      | Killed Eustachio
  4526 | D:4      | Found a sand-covered staircase.
  4544 | Ossuary  | Entered an ossuary
  4671 | Ossuary  | Noticed letownia2's ghost (novice DDNe)
  5675 | Ossuary  | Reached XP level 8. HP: 34/52 MP: 2/12
  6573 | Ossuary  | Killed letownia2's ghost
  6675 | D:4      | Reached skill level 1 in Ice Magic
  7593 | D:4      | Noticed Pikel
  7650 | D:4      | Reached XP level 9. HP: 57/57 MP: 11/18
  7747 | D:4      | Noticed Ijyb
  7778 | D:4      | Killed Ijyb
  8277 | D:4      | Killed Pikel
  8591 | D:5      | Entered Level 5 of the Dungeon
  8710 | D:5      | Got a transparent robe
  8721 | D:5      | Identified the +0 robe of Sif Muna's Pride {rN+ Regen+ Slay+3 Stlth+} (You found it on level 5 of the Dungeon)
  8819 | D:5      | Reached skill level 1 in Fighting
  9023 | D:5      | Found a staircase to the Ecumenical Temple.
  9029 | Temple   | Entered the Ecumenical Temple
  9037 | Temple   | Became a worshipper of Makhleb the Destroyer
  9110 | D:5      | Noticed letownia2's ghost (weakling DDNe)
  9123 | D:5      | Killed letownia2's ghost
  9516 | D:6      | Found a shattered altar of Ashenzari.
  9629 | D:6      | Reached skill level 5 in Short Blades
  9656 | D:6      | Found a stormy altar of Qazlal.
  9967 | D:6      | Reached * piety under Makhleb
 10366 | D:6      | Reached XP level 10. HP: 73/73 MP: 12/19
 10868 | D:7      | Found a deep blue altar of Sif Muna.
 10971 | D:7      | Found an iron altar of Okawaru.
 11555 | D:8      | Learned a level 3 spell: Tukima's Dance
 11580 | D:8      | Reached skill level 5 in Fighting
 11772 | D:8      | Noticed digijack's ghost (novice CeBe)
 12063 | D:7      | Reached skill level 1 in Invocations
 12221 | D:8      | Killed digijack's ghost
 12384 | D:8      | Reached ** piety under Makhleb
 12654 | D:8      | Noticed a two-headed ogre
 12662 | D:8      | Killed a two-headed ogre
 12662 | D:8      | Reached skill level 5 in Invocations
 12872 | D:9      | You fall through a shaft for 2 floors!
 12872 | D:11     | Noticed a deep elf mage
 12872 | D:11     | Noticed a seven-headed hydra
 12873 | D:11     | Noticed an unseen horror
 12873 | D:11     | Noticed a manticore
 12876 | D:11     | Noticed a cyclops
 12877 | D:11     | Noticed a two-headed ogre
 12888 | D:11     | Noticed an oklob plant
 12892 | D:11     | Noticed an oklob plant
 12903 | D:10     | Entered Level 10 of the Dungeon
 12969 | D:10     | Reached skill level 9 in Stealth
 13086 | D:9      | Found a sparkling altar of Nemelex Xobeh.
 13276 | D:9      | Noticed an obsidian statue
 13295 | D:9      | Noticed a two-headed ogre
 13358 | D:9      | Killed a two-headed ogre
 13358 | D:9      | Reached skill level 11 in Stealth
 13367 | D:9      | Found a bloodstained altar of Trog.
 13367 | D:9      | Found a hazy altar of Hepliaklqana.
 13368 | D:9      | Noticed a four-headed hydra
 13368 | D:9      | Noticed a flayed ghost
 13369 | D:9      | Killed a four-headed hydra
 13369 | D:9      | Reached XP level 11. HP: 80/80 MP: 20/20
 13474 | D:9      | Reached skill level 12 in Stealth
 13545 | D:9      | Reached skill level 1 in Shields
 13814 | D:9      | Noticed Joseph
 13896 | D:9      | Killed Joseph
 14369 | D:9      | Killed a flayed ghost
 14571 | D:9      | Noticed a sun demon
 14712 | D:10     | Learned a level 4 spell: Summon Ice Beast
 14766 | D:10     | Reached *** piety under Makhleb
 14853 | D:10     | Noticed a two-headed ogre
 14874 | D:10     | Killed a two-headed ogre
 14915 | D:10     | Noticed a two-headed ogre
 14922 | D:10     | Killed a two-headed ogre
 14922 | D:10     | Reached skill level 10 in Dodging
 16081 | D:11     | Reached skill level 1 in Summonings
 16111 | D:11     | Killed a two-headed ogre
 16263 | D:11     | Killed a deep elf mage
 16458 | D:11     | Noticed an unseen horror
 16574 | D:11     | Killed an unseen horror
 16574 | D:11     | Reached XP level 12. HP: 86/86 MP: 14/21
 16796 | D:11     | Killed a seven-headed hydra
 17066 | D:11     | Reached **** piety under Makhleb
 17089 | D:11     | Found a staircase to the Lair.
 17114 | D:11     | Reached skill level 10 in Hexes
 17558 | Lair:1   | Entered Level 1 of the Lair of Beasts
 17809 | Lair:1   | Found a frozen archway.
 17813 | IceCv    | Entered an ice cave
 20209 | Lair:1   | Reached XP level 13. HP: 92/92 MP: 6/22
 21435 | Lair:2   | Learned a level 5 spell: Metabolic Englaciation
 22042 | Lair:2   | Reached ***** piety under Makhleb
 22327 | Lair:3   | Reached skill level 10 in Invocations
 22328 | Lair:3   | Noticed Rupert
 22386 | Lair:3   | Found a staircase to the Snake Pit.
 22509 | Lair:4   | Noticed Harold
 22516 | Lair:4   | Killed Harold
 23462 | Lair:4   | Found a staircase to the Swamp.
 24439 | Lair:3   | Killed Rupert
 24586 | Lair:3   | Learned a level 4 spell: Throw Icicle
 25154 | Lair:5   | Reached XP level 14. HP: 98/98 MP: 10/23
 25238 | Lair:5   | Reached skill level 10 in Ice Magic
 27636 | Lair:6   | Entered Level 6 of the Lair of Beasts
 28356 | Lair:6   | Learned a level 3 spell: Ozocubu's Armour
 28871 | Lair:6   | Found a staircase to the Slime Pits.
 29296 | Lair:6   | Reached ****** piety under Makhleb
 30717 | Lair:6   | Reached XP level 15. HP: 103/103 MP: 22/28
 31065 | Lair:6   | Identified the Tome of Evil and Translocation
 31109 | Lair:6   | Got a faintly humming robe
 31139 | Lair:6   | Reached skill level 13 in Stealth
 31691 | Lair:3   | Identified the cursed +1 robe of the Vaults {Str+2} (You found it on level 6 of the Lair of Beasts)
 31707 | Snake:1  | Entered Level 1 of the Snake Pit
 31756 | Snake:1  | Reached skill level 14 in Stealth
 32667 | D:12     | Learned a level 3 spell: Vampiric Draining
 32671 | D:12     | Learned a level 3 spell: Regeneration
 32716 | D:12     | Reached skill level 15 in Stealth
 33149 | D:12     | Noticed Maurice
 33179 | D:12     | Killed Maurice
 33575 | D:12     | Reached skill level 16 in Stealth
 33760 | D:12     | Found a staircase to the Orcish Mines.
 34100 | Orc:1    | Entered Level 1 of the Orcish Mines
 34386 | Orc:2    | Entered Level 2 of the Orcish Mines
 35020 | Orc:1    | Found Navebeb's Magic Scroll Emporium.
 35025 | Orc:1    | Found a roughly hewn altar of Beogh.
 35044 | Orc:1    | Bought 3 scrolls of acquirement for 2184 gold pieces
 35293 | Orc:1    | Reached skill level 10 in Spellcasting
 36679 | Orc:2    | Found a staircase to the Elven Halls.
 36836 | Orc:2    | Found Paxof's Weapon Shoppe.
 36839 | Orc:2    | Found Buovek's Weapon Emporium.
 36840 | Orc:2    | Found Xaroi's Weapon Shoppe.
 36841 | Orc:2    | Found Josh's Magic Scroll Shoppe.
 37699 | D:14     | Got an opalescent robe
 37710 | D:14     | Identified the +0 robe of Valour {*Contam Int+9 SInv} (You found it on level 14 of the Dungeon)
 38014 | D:14     | Reached XP level 16. HP: 110/110 MP: 26/31
 39028 | D:14     | Found a gate to the Vaults.
 39703 | D:15     | Entered Level 15 of the Dungeon
 39893 | D:15     | Found Harch's Book Emporium.
 39926 | D:15     | Found a shadowy altar of Dithmenos.
 40349 | D:15     | Found a staircase to the Depths.
 40815 | Depths:1 | Entered Level 1 of the Depths
 40942 | Depths:1 | Learned a level 8 spell: Controlled Blink
 41105 | Depths:1 | Found Duddevve's Jewellery Boutique.
 41105 | Depths:1 | Found Azusash's Gadget Shoppe.
 41106 | Depths:1 | Found Tunieh's Gadget Shoppe.
 41110 | Depths:1 | Got a wavering pewter ring
 41112 | Depths:1 | Identified the ring "Yfuasch" {*Tele rPois Slay+5} (You found it on level 1 of the Depths)
 41119 | Depths:1 | Bought the ring "Ihamudur" {MR+ Stlth+} for 696 gold pieces
 41149 | Depths:1 | Noticed Nikola
 41184 | Depths:1 | Killed Nikola
 41184 | Depths:1 | Reached skill level 1 in Translocations
 41195 | Depths:1 | HP: 5/110 [yaktaur/bolt (39)]
 41662 | Swamp:1  | Entered Level 1 of the Swamp
 41667 | Swamp:1  | Noticed Frances
 41885 | Swamp:1  | Killed Frances
 42274 | Swamp:1  | Found a transporter.
 42358 | Swamp:1  | Found a transporter.
 42928 | Swamp:1  | Got an ancient bronze ring
 42930 | Swamp:1  | Identified the ring "Purozxur" {-Tele rN+ MR+ Int+5 Dex+6} (You found it on level 1 of the Swamp)
 43135 | Swamp:1  | Noticed an Executioner
 43137 | Swamp:1  | Got a crude wooden ring
 43140 | Swamp:1  | Identified the ring of Baczef {MR+ Stlth+} (You found it on level 1 of the Swamp)
 43341 | Swamp:1  | Reached skill level 15 in Spellcasting
 43599 | Swamp:2  | Paralysed by a hornet for 2 turns
 43887 | Swamp:2  | Reached XP level 17. HP: 115/115 MP: 33/36
 44647 | Swamp:3  | Reached skill level 5 in Translocations
 45575 | Swamp:4  | Entered Level 4 of the Swamp
 45944 | Swamp:4  | Noticed Kirke
 45962 | Swamp:4  | Killed Kirke
 47417 | Swamp:3  | HP: 5/115 [thorn hunter/volley of thorns (13)]
 47419 | Swamp:3  | HP: 1/115 [thorn hunter/volley of thorns (30)]
 50761 | Snake:3  | Noticed Vashnia
 50765 | Snake:3  | Shot with an arrow by a naga sharpshooter

Skill      XL: |  1  2  3  4  5  6  7  8  9 10 11 12 13 14 15 16 17 |
---------------+----------------------------------------------------+-----
Stealth        | 5 6 7 8 11 12 16 | 16.2
Dodging        | 3 6 7 8 12 14 | 14.0
Hexes          | 6 12 | 12.0
Spellcasting   | 3 6 9 11 15 | 15.0
Ice Magic      | 4 6 9 12 | 12.1
Short Blades   | 5 |  5.1
Fighting       | 4 5 |  5.5
Invocations    | 5 8 12 | 12.2
Shields        | 4 |  4.4
Summonings     | 1 |  1.3
Translocations | 3 9 |  9.8
Conjurations   | |  0.2
Necromancy     | |  0.2

Action                   |  1- 3 |  4- 6 |  7- 9 | 10-12 | 13-15 | 16-18 || total
-------------------------+-------+-------+-------+-------+-------+-------++-------
Melee: Dagger            |   128 |   198 |   412 |   509 |   799 |   563 ||  2609
       Bite              |     8 |    31 |    44 |    52 |    71 |    38 ||   244
       Unarmed           |       |       |    21 |     1 |     2 |       ||    24
       Rapier            |       |       |       |       |     2 |       ||     2
 Cast: Corona            |     6 |     1 |    24 |    23 |    27 |    15 ||    96
       Ensorcelled Hiber |    27 |    35 |   105 |   213 |   582 |   339 ||  1301
       Confuse           |       |     4 |    61 |   102 |    83 |   113 ||   363
       Summon Ice Beast  |       |       |       |    10 |    79 |    80 ||   169
       Throw Icicle      |       |       |       |       |     5 |       ||     5
       Tukima's Dance    |       |       |       |       |    63 |    45 ||   108
       Metabolic Englaci |       |       |       |       |     7 |     1 ||     8
       Ozocubu's Armour  |       |       |       |       |     2 |    11 ||    13
       Regeneration      |       |       |       |       |     1 |    11 ||    12
       Vampiric Draining |       |       |       |       |       |     2 ||     2
Invok: Minor Destruction |       |       |       |   137 |   400 |   190 ||   727
       Lesser Servant of |       |       |       |     6 |    11 |    22 ||    39
       Greater Servant o |       |       |       |       |       |     5 ||     5
 Abil: Bat Form          |       |       |     6 |    10 |    22 |    16 ||    54
       End Transformatio |       |       |     6 |    10 |    21 |    16 ||    53
  Use: Scroll            |       |     2 |     7 |     7 |    13 |    17 ||    46
       Potion            |       |       |     4 |     9 |     6 |    20 ||    39
 Stab: Sleeping          |    22 |    34 |    76 |   141 |   338 |   188 ||   799
       Confused          |       |     2 |    34 |    39 |    36 |    37 ||   148
       Distracted        |       |       |     1 |     2 |     6 |     6 ||    15
  Eat: Corpse            |    12 |    12 |    17 |    20 |    45 |    15 ||   121
Armor: Robe              |    20 |     3 |    55 |    21 |    77 |    78 ||   254
Dodge: Dodged            |    77 |    68 |   408 |   352 |   733 |   741 ||  2379
Block: Buckler           |       |       |       |    66 |   208 |   207 ||   481
